 Dungeon Crawl Stone Soup version 0.21-a0-28-g9a7844a (webtiles) character file.

7808 JeffiDaFish the Basher (level 11, -1/68 HPs)
             Began as a Gargoyle Fighter on May 25, 2017.
             Was a Believer of Okawaru.
             Slain by a killer bee (4 damage)
             ... on level 9 of the Dungeon.
             The game lasted 00:19:27 (8188 turns).

JeffiDaFish the Basher (Gargoyle Fighter)           Turns: 8188, Time: 00:19:27

Health: -1/68      AC: 24    Str: 27    XL:     11   Next: 21%
Magic:  11/11      EV: 13    Int:  9    God:    Okawaru [**....]
Gold:   521        SH: 18    Dex: 12    Spells: 10/10 levels left

rFire    . . .     SeeInvis .   w - +2 whip (freeze)
rCold    . . .     Gourm    .   c - +1 shield
rNeg     + + .     Faith    .   v - +0 plate armour
rPois    ∞         Spirit   .   q - +0 hat
rElec    +         Reflect  .   h - +1 cloak
rCorr    .         Harm     .   d - +0 pair of gloves
MR       +....     Clarity  +   (no boots)
Stlth    ..........             s - amulet of rage
Regen    0.3/turn               z - ring of Xom's Scorn {rElec rN+ Str+7}
MPRegen  0.2/turn               x - +6 ring of evasion

@: no status effects
A: beak, talons 2, large bone plates 1, clarity, magic resistance 1, negative
energy resistance 1, electricity resistance, unbreathing, evolution 1,
petrification resistance, rot immunity, AC +7
a: Heroism, Renounce Religion, Evoke Berserk Rage


You were on level 9 of the Dungeon.
You worshipped Okawaru.
Okawaru was pleased with you.
You were very hungry.

You visited 2 branches of the dungeon, and saw 10 of its levels.

You collected 521 gold pieces.

Inventory:

Hand Weapons
 w - a +2 whip of freezing (weapon)
Armour
 c - a +1 shield (worn)
 d - a +0 pair of gloves (worn)
 h - a +1 cloak (worn)
 q - a +0 hat (worn)
 v - a +0 plate armour (worn)
Jewellery
 i - an uncursed ring of resist corrosion
 s - an amulet of rage (around neck)
 x - a +6 ring of evasion (right hand)
 z - the ring of Xom's Scorn (left hand) {rElec rN+ Str+7}
   (You found it on level 8 of the Dungeon)

   [ring of positive energy]

   It affects your strength (+7).
   It insulates you from electricity.
   It protects you from negative energy.
Wands
 n - a wand of lightning (10/15)
Scrolls
 m - a scroll of fear
 o - 2 scrolls of remove curse
 p - 3 scrolls of identify
Potions
 b - a potion of magic
 e - 6 potions of curing
 k - 4 potions of flight
 l - 2 potions of heal wounds
 r - a potion of resistance
 u - a potion of invisibility
Books
 y - a book of Battle

   Spells                             Type                      Level
   a - Infusion                       Charms                       1
   b - Shroud of Golubria             Charms/Translocation         2
   c - Song of Slaying                Charms                       2
   d - Spectral Weapon                Hexes/Charms                 3
   e - Regeneration                   Charms/Necromancy            3
Comestibles
 a - 14 chunks of flesh
 f - 8 bread rations
 g - 6 meat rations
 j - a fruit
 t - a royal jelly


   Skills:
 + Level 7.6 Fighting
 + Level 10.5 Maces & Flails
 + Level 7.3 Armour
 + Level 2.4 Dodging
 + Level 4.0 Stealth
 + Level 10.5 Shields
 + Level 0.4 Unarmed Combat


You had 10 spell levels left.
You didn't know any spells.

Dungeon Overview and Level Annotations

Branches:
Dungeon (9/15)             Temple (1/1) D:7             Orc (0/2) D:9
   Lair: D:8-11

Altars:
Ashenzari
Cheibriados
Dithmenos
Elyvilon
Fedhas
Gozag
Hepliaklqana
Kikubaaqudgha
Makhleb
Nemelex Xobeh
Okawaru
Qazlal
Ru
Sif Muna
Trog
Uskayaw
Vehumet
Wu Jian
Xom
Yredelemnul
Zin
The Shining One
Beogh

Annotations:
D:3 2 transporters
D:9 Gastronok


Innate Abilities, Weirdness & Mutations

You are resistant to torment.
Your stone body is resilient. (AC +7)
You are immune to poison.
You resist negative energy. (rN+)
You are resistant to electric shocks. (rElec)
You can survive without breathing.
You are immune to petrification.
You are immune to rotting.
You have a beak for a mouth.
You have razor-sharp toenails.
You are partially covered in large bone plates. (SH +4)
You possess an exceptional clarity of mind.
You are resistant to hostile enchantments. (MR+)
You evolve.


Message History

The killer bee closely misses you.
You miss the killer bee.
You claw the killer bee, but do no damage.
The killer bee is moderately wounded.
You block the killer bee's attack.
You hit the killer bee. You freeze the killer bee. You claw the killer bee.
The killer bee is severely wounded.
You block the killer bee's attack.
You hit the killer bee. You freeze the killer bee.
You kill the killer bee!
Okawaru accepts your kill.
You miss the killer bee.
You claw the killer bee, but do no damage.
You block the killer bee's attack.
Gastronok waves his eye-stalks in wide circles.
The air twists around and strikes you!
* * * LOW HITPOINT WARNING * * *
Your plate armour prevents you from hitting the killer bee.
Your kick misses the killer bee. The killer bee stings you.
You die...

##.###.# #.# #...##.#
#####.# #...##.###...#.#
. #...##.......#.# .y♣
#...##...>...#.# ♣..
#..............### ♣.♣..
##.#.##8...8#.....
...wyo###.#.####)###..###
♣oyy@.#.##..[..#))#..
♣.###<#.##.))).##÷#.# ♣
....##.._..##.#.#
##.####.....##.#.# #$#
#.....##.).. #.#
########.#.# #.# ###.#
... ..... ###.#


You could see Gastronok, 3 killer bees and 2 orcs.

Vanquished Creatures
  2 two-headed ogres (D:8)
  Pikel (D:8)
  Joseph (D:7)
  A hippogriff (D:8)
  Grum (D:9)
  A hungry ghost (D:9)
  Duvessa (D:4)
  4 orc warriors
  3 sky beasts (D:7)
  2 black bears (D:8)
  An ice beast (D:7)
  A phantom (D:6)
  2 centaurs
  4 wolves (D:9)
  6 ogres
  4 bullfrogs
  Dowan (D:4)
  2 scorpions
  34 killer bees (D:9)
  2 crimson imps
  A centaur skeleton (D:9)
  3 hounds
  4 bullfrog zombies
  9 orc wizards
  Crazy Yiuf (D:3)
  A centaur zombie (D:8)
  7 orc priests
  Jessica (D:3)
  Natasha (D:4)
  6 worker ants
  9 gnolls
  7 adders
  2 shadow imps
  An adder zombie (D:6)
  3 dart slugs
  6 leopard geckos
  35 orcs
  6 bats
  3 giant cockroaches (D:1)
  9 goblins
  4 hobgoblins
  11 jackals
  7 kobolds
  2 ball pythons
  9 frilled lizards
  A giant cockroach zombie (D:5)
  A leopard gecko zombie (D:6)
  3 quokka skeletons
  7 rats
  A spectral orc (D:4)
235 creatures vanquished.

Vanquished Creatures (collateral kills)
  A quokka (D:5)
1 creature vanquished.

Vanquished Creatures (others)
  A slave (D:8)
1 creature vanquished.

Grand Total: 237 creatures vanquished

Notes
Turn   | Place    | Note
-------+----------+-------------------------------------------
     0 | D:1      | JeffiDaFish the Gargoyle Fighter began the quest for the Orb.
     0 | D:1      | Reached XP level 1. HP: 14/14 MP: 1/1
    51 | D:1      | Reached XP level 2. HP: 5/19 MP: 2/2
   480 | D:1      | Reached XP level 3. HP: 23/23 MP: 3/3
  1090 | D:2      | Found a blossoming altar of Fedhas.
  1218 | D:2      | Found a shimmering altar of Xom.
  1221 | D:2      | Noticed an angel
  1224 | D:2      | Found a glowing silver altar of Zin.
  1446 | D:2      | Found a faded altar of an unknown god.
  1488 | D:2      | Gained mutation: You evolve. [potion of mutation]
  1488 | D:2      | Gained mutation: You have sharp toenails. [potion of mutation]
  1488 | D:2      | Gained mutation: You have a beak for a mouth. [potion of mutation]
  1533 | D:3      | Found a runed door.
  1537 | D:3      | Noticed Crazy Yiuf
  1548 | D:3      | Killed Crazy Yiuf
  1548 | D:3      | Reached XP level 4. HP: 13/29 MP: 2/4
  1941 | D:3      | Found a white marble altar of Elyvilon.
  1963 | D:3      | Noticed Jessica
  1975 | D:3      | Killed Jessica
  1975 | D:3      | Reached XP level 5. HP: 33/33 MP: 5/5
  2040 | D:3      | Found a deep blue altar of Sif Muna.
  2041 | D:3      | Noticed a troll
  2460 | D:4      | Found a shattered altar of Ashenzari.
  2626 | D:4      | Noticed Duvessa
  2627 | D:4      | Noticed Dowan
  2634 | D:4      | Killed Duvessa
  2634 | D:4      | Reached skill level 1 in Dodging
  2634 | D:4      | Reached XP level 6. HP: 38/39 MP: 6/6
  2639 | D:4      | Killed Dowan
  2744 | D:4      | Found a basalt altar of Yredelemnul.
  2842 | D:4      | Gained mutation: You are resistant to hostile enchantments. (MR+) [evolution]
  3024 | D:4      | Reached XP level 7. HP: 40/44 MP: 7/7
  3055 | D:4      | Reached skill level 5 in Shields
  3231 | D:4      | Noticed Natasha
  3243 | D:4      | Killed Natasha
  3251 | D:4      | Reached skill level 5 in Armour
  3531 | D:5      | Entered Level 5 of the Dungeon
  3584 | D:5      | Reached skill level 5 in Maces & Flails
  3644 | D:5      | Gained mutation: You possess an exceptional clarity of mind. [evolution]
  3707 | D:5      | Reached skill level 5 in Fighting
  3707 | D:5      | Reached XP level 8. HP: 49/49 MP: 8/8
  4280 | D:5      | Gained mutation: You have razor-sharp toenails. [evolution]
  4750 | D:6      | Reached skill level 1 in Stealth
  5035 | D:6      | Found a shadowy altar of Dithmenos.
  5079 | D:6      | Reached XP level 9. HP: 14/55 MP: 9/9
  5128 | D:6      | Gained mutation: You are partially covered in large bone plates. (SH +4) [evolution]
  5754 | D:7      | Noticed Joseph
  5772 | D:7      | Killed Joseph
  5810 | D:7      | Found a staircase to the Ecumenical Temple.
  5839 | Temple   | Entered the Ecumenical Temple
  6712 | D:8      | Noticed a two-headed ogre
  6734 | D:8      | Killed a two-headed ogre
  6734 | D:8      | Reached XP level 10. HP: 56/61 MP: 10/10
  6772 | D:8      | Found an iron altar of Okawaru.
  6774 | D:8      | Found a glowing golden altar of the Shining One.
  6782 | D:8      | Became a worshipper of Warmaster Okawaru
  6806 | D:8      | Noticed a two-headed ogre
  6819 | D:8      | Killed a two-headed ogre
  7032 | D:8      | Noticed Pikel
  7055 | D:8      | Killed Pikel
  7378 | D:8      | Reached * piety under Okawaru
  7761 | D:8      | Got a flickering granite ring
  7770 | D:8      | Identified the ring of Xom's Scorn {rElec rN+ Str+7} (You found it on level 8 of the Dungeon)
  7795 | D:9      | Noticed Grum
  7813 | D:9      | Reached skill level 10 in Maces & Flails
  7849 | D:9      | Killed Grum
  7861 | D:9      | Found a staircase to the Orcish Mines.
  7866 | D:9      | Found a roughly hewn altar of Beogh.
  7958 | D:9      | Reached ** piety under Okawaru
  8001 | D:9      | Reached XP level 11. HP: 62/67 MP: 11/11
  8037 | D:9      | Reached skill level 10 in Shields
  8050 | D:9      | Noticed Gastronok
  8187 | D:9      | HP: 3/68 [Gastronok/the air (24)]
  8188 | D:9      | Slain by a killer bee

Vault maps used:
D:1:      wheals_arrival_linesprint
D:2:      grunt_temple_overflow_order_and_chaos_1, fedhas_altar_2,
          chequers_ecumenical_altar_lobes
D:3:      nicolae_overflow_crystal_walls, gammafunk_temple_overflow_arena,
          uniq_jessica, uniq_crazy_yiuf_cottage
D:4:      yredelemnul_forgotten_temple_becter, kennysheep_mini_moat,
          minmay_bisected, uniq_duvessa, uniq_natasha
D:5:      first_bread, kennysheep_small_square
D:6:      marbit_many_paths
D:7:      minmay_temple_entry_water_ring, lightli_corner_chamber, uniq_joseph
D:8:      grunt_temple_overflow_open, uniq_pikel
D:9:      wad_woods_minihive, minmay_orc_entry_temple_small, uniq_grum,
          uniq_prince_ribbit1, uniq_gastronok
Temple:   hc_temple_tempest_star

Skill      XL: |  1  2  3  4  5  6  7  8  9 10 11 |
---------------+----------------------------------+-----
Shields        | 4 5 6 7 9 10 | 10.5
Armour         | 4 5 6 7 |  7.3
Fighting       | 4 5 6 7 |  7.6
Maces & Flails | 3 4 5 7 9 10 | 10.5
Dodging        | 1 2 |  2.4
Stealth        | 1 2 4 |  4.0
Unarmed Combat | |  0.4

Action                   |  1- 3 |  4- 6 |  7- 9 | 10-12 || total
-------------------------+-------+-------+-------+-------++-------
Melee: Flail             |   152 |   129 |   455 |    42 ||   778
       Unarmed           |     3 |       |       |       ||     3
       Kick              |     2 |    31 |   136 |   133 ||   302
       Peck              |       |    20 |    98 |    68 ||   186
       Whip              |       |       |       |   403 ||   403
  Use: Potion            |     6 |     3 |     4 |       ||    13
       Scroll            |     5 |     1 |     8 |     1 ||    15
 Stab: Invisible         |       |       |     4 |     2 ||     6
  Eat: Chunk             |     2 |     5 |    13 |     6 ||    26
Armor: Scale mail        |   107 |    65 |    79 |       ||   251
       Chain mail        |       |       |    59 |       ||    59
       Plate armour      |       |       |    55 |    92 ||   147
Dodge: Dodged            |    58 |    42 |   111 |   100 ||   311
Block: Shield            |   103 |    78 |   298 |   307 ||   786
